 Dungeon Crawl Stone Soup version bcrawl-1.19.1 (webtiles) character file.

Game seed: 101548450161647265

754 Revguard the Chopper (level 7, -1/63 HPs)
             Began as a Naga Gladiator on Nov 26, 2019.
             Was a Follower of Cheibriados.
             Slain by Prince Ribbit (13 damage)
             ... on level 5 of the Dungeon.
             The game lasted 00:14:46 (4707 turns).

Revguard the Chopper (Naga Gladiator)               Turns: 4707, Time: 00:14:46

Health: -1/63      AC:  8    Str: 19    XL:     7   Next: 79%
Magic:  8/8        EV:  9    Int: 10    God:    Cheibriados [*.....]
Gold:   122        SH:  0    Dex: 16    Spells: 6/6 levels left

rFire    . . .     SeeInvis +   a - +0 war axe
rCold    . . .     Gourm    .   (no shield)
rNeg     . . .     Faith    .   g - +0 scale mail
rPois    +         Spirit   .   c - +0 helmet
rElec    .         Reflect  .   (no cloak)
rCorr    .         Harm     .   (no gloves)
MR       .....                  (no barding)
Stlth    ..........             (no amulet)
HPRegen  0.20/turn              h - +2 ring of slaying
MPRegen  0.11/turn              (no ring)

@: short of breath, very slow
A: large, rugged brown scales 1, see invisible, deformed body, deterioration 1,
sense surroundings 1, poison resistance, slowness 2, slow metabolism 1, spit
poison 1, AC +2
a: Spit Poison, Bend Time, Renounce Religion


You were on level 5 of the Dungeon.
You worshipped Cheibriados.
Cheibriados was aware of your devotion.
You were not hungry.

You visited 2 branches of the dungeon, and saw 6 of its levels.

You collected 122 gold pieces.

Inventory:

Hand Weapons
 a - a +0 war axe (weapon)
Missiles
 d - 3 throwing nets (quivered) {!f}
Armour
 c - a +0 helmet (worn)
 g - a +0 scale mail (worn)
Jewellery
 h - a +2 ring of slaying (left hand)
Wands
 n - a wand of flame (15)
Scrolls
 i - 7 scrolls of teleportation {unknown}
 j - 2 scrolls of immolation {unknown}
 m - 2 scrolls of amnesia {unknown}
 o - 2 scrolls of blinking {unknown}
 r - 3 scrolls of remove curse {unknown}
 t - a scroll of fog {unknown}
Potions
 e - 2 potions of curing
 l - a potion of agility
 q - a potion of flight
 s - a potion of heal wounds
Comestibles
 b - 2 chunks of flesh
 f - 12 rations {!d}


   Skills:
 + Level 3.5 Fighting
 + Level 6.1 Axes
 + Level 1.8 Throwing
 + Level 3.4 Armour
 + Level 3.2 Dodging
 * Level 1.9 Invocations


You had 6 spell levels left.
You didn't know any spells.
Your spell library contained the following spells:

 Spells                   Type           Power        Failure   Level  Hunger
 Magic Dart               Conj           #...         73%         1    ##.....
 Blink                    Tloc           N/A          86%         2    ###....
 Call Imp                 Summ           #.....       86%         2    ###....
 Conjure Flame            Conj/Fire      #.......     97%         3    ####...
 Mephitic Cloud           Conj/Pois/Air  #.......     97%         3    ####...
 Spider Form              Tmut/Pois      #..          97%         3    ####...


Dungeon Overview and Level Annotations

Branches:
Dungeon (5/12)             Temple (1/1) D:4

Altars:
Ashenzari
Cheibriados
Dithmenos
Elyvilon
Fedhas
Gozag
Hepliaklqana
Kikubaaqudgha
Lugonu
Makhleb
Nemelex Xobeh
Okawaru
Qazlal
Ru
Sif Muna
Trog
Uskayaw
Vehumet
Xom
Yredelemnul
Zin
The Shining One

Shops:
D:4 *

Annotations:
D:5 Prince Ribbit


Innate Abilities, Weirdness & Mutations

You cannot wear boots.
Your serpentine skin is tough. (AC +2)
You have supernaturally acute eyesight. (SInv)
Armour fits poorly on your strangely shaped body.
Your system is resistant to poisons. (rPois)
You cover ground very slowly.
You have a slow metabolism.
You can spit poison.
You are partially covered in rugged brown scales. (AC +1, +3% HP)
Your body sometimes deteriorates upon taking damage.
You passively map a small area around you.


Message History

Prince Ribbit barely misses you. Prince Ribbit hits you.
Your scale mail prevents you from hitting Prince Ribbit.
Prince Ribbit is heavily wounded.
Prince Ribbit hits you!
You closely miss Prince Ribbit.
Prince Ribbit is heavily wounded.
Prince Ribbit hits you but does no damage.
Prince Ribbit hits you!
* * * LOW HITPOINT WARNING * * *
Press: ? - help, Shift-Dir - straight line, f/p - Prince Ribbit
Aim: Prince Ribbit (heavily wounded)
The splash of poison hits Prince Ribbit.
Prince Ribbit is poisoned.
Prince Ribbit is heavily wounded.
You feel slightly more hungry. Prince Ribbit hits you.
* * * LOW HITPOINT WARNING * * *
You closely miss Prince Ribbit.
Prince Ribbit is severely wounded.
Prince Ribbit hits you!
You die...

* * , , ###### * *
#..... #.####
..####.#### *,*
,*#..........# *
,..#####.##.# #####.# *
#...... #.@F..# #<.....
#.###########.##.<.
#.##.......##....#.
#####.##.......##..#...
#..............##..#.##
#.###.#........##......
#.##..#......(.###.#.##
#.##.##........# #.#.##
#..............# #.....


You could see Prince Ribbit.

Vanquished Creatures
  A scorpion (D:4)
  A water moccasin skeleton (D:4)
  A howler monkey (D:4)
  3 crimson imps (D:4)
  A centaur zombie (D:5)
  A hound (D:4)
  5 orc wizards
  An orc priest (D:3)
  A bullfrog skeleton (D:4)
  A worker ant (D:4)
  Robin (D:4)
  8 adders
  An ooze (D:2)
  7 worms
  3 dart slugs (D:2)
  5 leopard geckos
  12 orcs
  2 bats
  A giant cockroach (D:1)
  14 hobgoblins
  7 jackals
  6 quokkas
  3 ball pythons
  6 frilled lizards
  14 goblins
  7 kobolds
  7 rats
120 creatures vanquished.

Notes
Turn   | Place    | Note
-------+----------+-------------------------------------------
     0 | D:1      | Revguard the Naga Gladiator began the quest for the Orb.
     0 | D:1      | Reached XP level 1. HP: 19/19 MP: 1/1
    77 | D:1      | Reached XP level 2. HP: 22/26 MP: 2/2
   921 | D:2      | Reached XP level 3. HP: 27/32 MP: 3/3
  2122 | D:3      | Reached XP level 4. HP: 35/40 MP: 4/4
  2126 | D:3      | Reached skill level 1 in Armour
  2279 | D:3      | Reached skill level 4 in Axes
  2306 | D:3      | Reached XP level 5. HP: 9/46 MP: 5/5
  2660 | D:3      | Reached XP level 6. HP: 18/56 MP: 6/6
  3203 | D:3      | Reached skill level 5 in Axes
  3380 | D:4      | Gained mutation: You are partially covered in rugged brown
                  | scales. (AC +1, +3% HP) [potion of mutation]
  3380 | D:4      | Gained mutation: Your body sometimes deteriorates upon
                  | taking damage. [potion of mutation]
  3380 | D:4      | Gained mutation: You passively map a small area around you.
                  | [potion of mutation]
  3403 | D:4      | Noticed Robin
  3414 | D:4      | Killed Robin
  3495 | D:4      | Found a staircase to the Ecumenical Temple.
  3506 | Temple   | Entered the Ecumenical Temple
  3778 | Temple   | Became a worshipper of Cheibriados the Contemplative
  3813 | D:4      | Reached XP level 7. HP: 49/63 MP: 7/7
  4144 | D:4      | Found a radiant altar of Vehumet.
  4220 | D:4      | Found Biyclykk's Elemental Accessories.
  4323 | D:4      | Reached skill level 1 in Invocations
  4515 | D:4      | Reached skill level 6 in Axes
  4579 | D:5      | Entered Level 5 of the Dungeon
  4636 | D:5      | Reached * piety under Cheibriados
  4697 | D:5      | Noticed Prince Ribbit
  4707 | D:5      | Slain by Prince Ribbit

Skill      XL: |  1  2  3  4  5  6  7 |
---------------+----------------------+-----
Armour         | 1 2 3 |  3.4
Axes           | 4 5 6 |  6.1
Fighting       | 3 |  3.5
Dodging        | 3 |  3.2
Invocations    | 1 |  1.9
Throwing       | |  1.8

Action                   |  1- 3 |  4- 6 |  7- 9 || total
-------------------------+-------+-------+-------++-------
Melee: War axe           |    92 |   150 |    68 ||   310
Throw: Throwing net      |       |     1 |       ||     1
 Abil: Spit Poison       |     5 |    24 |     7 ||    36
  Use: Scroll            |       |     4 |       ||     4
       Potion            |       |     1 |     2 ||     3
  Eat: Chunk             |     2 |     6 |     4 ||    12
Armor: Leather armour    |    15 |       |       ||    15
       Ring mail         |     7 |    82 |    17 ||   106
       Scale mail        |       |       |    28 ||    28
Dodge: Dodged            |    57 |    97 |    46 ||   200
